 Dungeon Crawl Stone Soup version 0.27-a0-1099-g7f87ac42b0 (webtiles) character file.

Game seed: 7695662072858151168

63 Gaff the Magician (level 4, -1/32 HPs)
             Began as a Djinni Earth Elementalist on Apr 28, 2021.
             Slain by an orc
             ... wielding a +0 dagger
              (3 damage)
             ... on level 3 of the Dungeon.
             The game lasted 00:05:57 (1845 turns).

Gaff the Magician (Djinni Earth Elementalist)       Turns: 1845, Time: 00:05:58

Health: -1/32      AC:  3    Str:  7    XL:     4   Next: 9%
Gold:   34         EV: 12    Int: 17    God:
                   SH:  0    Dex: 14

rFire    + + .     SeeInvis +   n - +0 long sword
rCold    x . .     Faith    .   (no shield)
rNeg     . . .     Spirit   .   c - +0 robe
rPois    ∞         Reflect  .   (no helmet)
rElec    .         Harm     .   l - +0 cloak
rCorr    .         Rampage  .   (no gloves)
Will     .....                  (boots unavailable)
Stlth    ++........             (no amulet)
HPRegen  0.10/turn              h - ring of see invisible
MPRegen  0.00/turn              (no ring)

@: flying
A: fire resistance 2, cold vulnerability 1, float, innate caster, hp casting,
extra vitality 1
a: no special abilities


You were on level 3 of the Dungeon.
You visited 1 branch of the dungeon, and saw 3 of its levels.

You collected 48 gold pieces.
You spent 14 gold pieces at shops.

Inventory:

Hand Weapons
 a - a +0 dagger
 d - a +0 short sword
 e - a +0 great sword
 n - a +0 long sword (weapon)
Missiles
 b - 37 stones
Armour
 c - a +0 robe (worn)
 l - a +0 cloak (worn)
Jewellery
 h - a ring of see invisible (left hand)
Scrolls
 f - a scroll of noise {unknown}
 i - 2 scrolls of identify {unknown}
 m - a scroll of blinking {unknown}
 o - a scroll of enchant weapon {unknown}
Potions
 g - a potion of degeneration
 j - a potion of curing {unknown}
 k - 2 potions of haste {unknown}


   Skills:
 + Level 1.5 Fighting
 - Level 2.3 Dodging
 - Level 1.8 Stealth
 * Level 3.6 Spellcasting


You couldn't memorise any spells.
You knew the following spells:

 Your Spells              Type           Power      Damage    Failure   Level
a - Sandblast             Erth           30%        2d9       3%          1
b - Passwall              Tmut/Erth      12%        N/A       5%          2
c - Stone Arrow           Conj/Erth      30%        3d8       11%         3
d - Petrify               Tmut/Erth      15%        N/A       34%         4
e - Lee's Rapid Deconstr  Erth           7%         3d8*      69%         5
f - Summon Small Mammal   Summ           60%        N/A       3%          1
Your spell library was empty.

Dungeon Overview and Level Annotations

Branches:
Dungeon (2/15)

Altars:

Shops:
D:1 !


Innate Abilities, Weirdness & Mutations

You are immune to poison.
Your flesh is very heat resistant. (rF++)
You are vulnerable to cold. (rC-)
You float through the air rather than walking.
You learn spells naturally, not from books.
Your magical power is your life essence.
You have superior vitality. (+4 HP)


Message History

Aim: an orc, wielding a +0 mace and wearing a +0 ring mail (82% to hit)
The blast of sand hits the orc.
The orc is heavily wounded.
The orc closely misses you.
The orc throws a boomerang.
The boomerang hits you.
* * * LOW HITPOINT WARNING * * *
Aiming: Sandblast (safe; 3% risk of failure)
Press: ? - help, Q - select action, (/) - cycle Shift-Dir - straight line, f/p - orc
Aim: an orc, wielding a +0 mace and wearing a +0 ring mail (heavily wounded, 82% to hit)
The blast of sand hits the orc but does no damage.
The orc is heavily wounded.
* * * LOW HITPOINT WARNING * * *
The orc barely misses you.
You riposte.
You slash the orc!
You kill the orc!
The orc throws a boomerang.
The boomerang barely misses you.
Aiming: Sandblast (safe; 3% risk of failure)
Press: ? - help, Q - select action, (/) - cycle Shift-Dir - straight line, f - orc
Aim: an orc, wielding a +0 dagger and wearing a +0 leather armour (79% to hit)
The blast of sand hits the orc.
The orc is moderately wounded.
* * * LOW HITPOINT WARNING * * *
The orc throws a boomerang.
The boomerang hits you.
* * * LOW HITPOINT WARNING * * *
The orc misses you.
Aiming: Sandblast (safe; 3% risk of failure)
Press: ? - help, Q - select action, (/) - cycle Shift-Dir - straight line, f - orc, p - orc
Aim: an orc, wielding a +0 club and quivering boomerangs (79% to hit)
The blast of sand hits the orc.
The orc is almost dead.
* * * LOW HITPOINT WARNING * * *
The orc throws a boomerang.
The boomerang closely misses you. The orc hits you with a +0 dagger.
* * * LOW HITPOINT WARNING * * *
Aiming: Sandblast (safe; 3% risk of failure)
Press: ? - help, Q - select action, (/) - cycle Shift-Dir - straight line, f/p - orc
Aim: an orc, wielding a +0 club and quivering boomerangs (almost dead, 79% to hit)
The blast of sand hits the orc!
You kill the orc!
* * * LOW HITPOINT WARNING * * *
The orc hits you with a +0 dagger.
You die...

### #.#
...##...
#.....#
##.....##
##.......##
#.........#
#.........#####
...(....).†...#
..........#@..#
..........#o..#
.........[....#
#.........#...#
#.$.......#...#
#.........#...#
#.........#####
##......o##


You could see an orc.

Vanquished Creatures
  An adder (D:3)
  A worm (D:3)
  3 orcs (D:3)
  7 bats
  2 endoplasms (D:2)
  2 giant cockroaches (D:1)
  3 hobgoblins
  3 jackals (D:1)
  A quokka (D:3)
  3 ball pythons (D:1)
  2 frilled lizards (D:1)
  8 goblins
  6 kobolds (D:1)
  A rat (D:1)
43 creatures vanquished.

Notes
Turn   | Place    | Note
-------+----------+-------------------------------------------
     0 | D:1      | Gaff the Djinni Earth Elementalist began the quest for the
                  | Orb.
     0 | D:1      | Reached XP level 1. HP: 15/15 MP: 0/0
   501 | D:1      | Reached XP level 2. HP: 21/21 MP: 0/0
   604 | D:1      | Reached skill level 3 in Spellcasting
   730 | D:1      | Found Qeraeloe's Distillery.
   745 | D:1      | Bought a potion of degeneration for 14 gold pieces
   827 | D:1      | Reached XP level 3. HP: 12/26 MP: 0/0
   827 | D:1      | Learned a level 1 spell: Summon Small Mammal
  1266 | D:1      | Reached skill level 1 in Fighting
  1825 | D:2      | You are sucked into a shaft and drop 1 floor!
  1838 | D:3      | Reached XP level 4. HP: 21/32 MP: 0/0
  1845 | D:3      | Slain by an orc

Illustrated notes

Levels and vault maps discovered:
D:1:      dpeg_arrival_round_c, layout_rooms, serial_shops, shop_statue
D:2:      minmay_kobold_bridge, layout_basic,
          shapermc_ecumenical_altar_hornbeckon, hangedman_decor_clover_reticule,
          minmay_tromino_v2
D:3:      layout_rooms, brannock_xom_greatest_gift,
          amethyst_overflow_temple_binary, uniq_terence

Skill      XL: |  1  2  3 |
---------------+----------+-----
Spellcasting   | 3 |  3.6
Fighting       | 1 |  1.5
Dodging        | |  2.3
Stealth        | |  1.8

Action                   |  1- 3 |  4- 6 || total
-------------------------+-------+-------++-------
Melee: Dagger            |    40 |       ||    40
       Short sword       |    25 |       ||    25
       Long sword        |     7 |       ||     7
 Cast: Sandblast         |    36 |     8 ||    44
       Summon Small Mamm |     1 |       ||     1
 Stab: Sleeping          |     3 |       ||     3
Armor: Robe              |    45 |       ||    45
Dodge: Dodged            |   102 |     6 ||   108
       Rpst.: Long sword |     4 |     1 ||     5

Table legend: (Time is in decaauts)
 A = Elapsed time spent in this place.
 B = Non-inter-level travel time spent in this place.
 C = Inter-level travel time spent in this place.
 D = Time resting spent in this place.
 E = Time spent auto-exploring this place.
 F = Levels seen in this place.
 G = Mean time per level.
                   A        B        C        D        E       F      G
               +--------+--------+--------+--------+--------+-----+--------+
         Total |   1847 |   1827 |     20 |   1052 |    371 |   3 |  615.7 |
       Dungeon |   1847 |   1827 |     20 |   1052 |    371 |   3 |  615.7 |
               +--------+--------+--------+--------+--------+-----+--------+

Top non-repeatable levels by time:
     D:1: 1529 daAuts
     D:2: 298 daAuts
     D:3: 19 daAuts
